Flyers vs Jets

Created - December-02-14 at 19:47

Goals
1 2 3 T
Flyers 1 2 2 5
Jets 0 3 3 6
Shots
1 2 3 T
Flyers 10 6 11 27
Jets 11 19 22 52

1st period

1. Flyers , Dan Boyle 4 (Ryan Ellis, Kyle Okposo) at 9:28

Penalties :
Jamie Benn (WPG) for Interference (Minor) at 18:37, Mark Stuart (PHI) for Holding (Minor) at 18:37, Andre Benoit (WPG) for Roughing (Double Minor) at 19:56

2nd period

2. Flyers , Dany Heatley 3 (Marek Zidlicky, Jay McClement) at 0:06 (PP)
3. Flyers , Nathan Gerbe 6 (Jay McClement) at 4:38
4. Jets , Corey Perry 15 (Matt Moulson, Andre Benoit) at 12:01 (PP)
5. Jets , Joe Pavelski 21 (Kimmo Timonen) at 16:15
6. Jets , Boyd Gordon 1 (Matt Read, Jason Garrison) at 19:59

Penalties :
Jay McClement (PHI) for Holding (Minor) at 10:24, Ryan Ellis (PHI) for Holding (Minor) at 17:21

3rd period

7. Jets , Corey Perry 16 (Joe Pavelski, Connor Murphy) at 1:05 (PP)
8. Flyers , Kyle Okposo 15 (Olli Jokinen) at 1:31 (PP)
9. Flyers , Marek Zidlicky 7 (Mike Santorelli, Philip Larsen) at 11:19 (PP)
10. Jets , Corey Perry 17 (Anders Lee, Andre Benoit) at 12:08
11. Jets , Christian Ehrhoff 5 (Andre Benoit, Jamie Benn) at 15:15 (PP)

Penalties :
Joel Ward (PHI) for Cross-checking (Minor) at 0:47, Andre Benoit (WPG) for Hooking (Minor) at 1:12, Christian Ehrhoff (WPG) for Tripping (Minor) at 9:45, Daniel Sedin (PHI) for Slashing (Minor) at 13:22, Anders Lee (WPG) for Diving (Minor) at 16:17

Goalie Stats

Frederik Andersen (PHI), 46 saves from 52 shots - (0.885), L, 7-6-1, 60:00 minutes
Cory Schneider (WPG), 11 saves from 14 shots - (0.786), 24:38 minutes
Tim Thomas (WPG), 11 saves from 13 shots - (0.846), W, 1-4-1, 35:22 minutes

Players Stats for Flyers

Player Name              G  A  P  +/- PIM S  H  SB GA TA FO     MP     PP MP  PK MP  
------------------------------------------------------------------------------------
Carlo Colaiacovo         0  0  0   0  0   0  0  1  0  0  0/0    15:11   0:00   2:19 
Dan Boyle                1  0  1   0  0   2  1  2  0  0  0/0    24:17   3:58   2:19 
Daniel Sedin             0  0  0  -1  2   6  0  1  0  0  1/4    21:49   3:55   0:56 
Dany Heatley             1  0  1   1  0   3  0  0  0  0  0/1    13:04   0:00   0:00 
Gabriel Bourque          0  0  0   0  0   0  0  0  0  0  0/0     4:43   0:00   0:30 
Jack Skille              0  0  0   0  0   0  1  0  0  0  0/0     4:13   0:00   0:00 
Jay McClement            0  2  2   1  2   0  5  0  0  0  6/15   13:03   0:00   0:00 
Joel Ward                0  0  0  -1  2   2  1  0  0  0  5/11   19:42   3:16   3:41 
Kyle Brodziak            0  0  0  -1  0   2  3  0  0  0  14/28  20:15   3:16   0:00 
Kyle Okposo              1  1  2  -1  0   5  1  0  0  0  13/30  20:33   3:55   0:00 
Marek Zidlicky           1  1  2  -2  0   3  4  4  0  0  0/0    25:59   3:13   2:31 
Mark Fistric             0  0  0   1  0   0  0  0  0  0  0/0     9:44   0:00   0:57 
Mark Stuart              0  0  0   1  2   0  2  4  0  0  0/0    12:14   0:00   3:28 
Mike Santorelli          0  1  1  -1  0   1  1  0  0  0  3/4    17:44   3:16   1:21 
Nathan Gerbe             1  0  1   1  0   2  0  0  0  0  0/1    15:22   0:00   3:56 
Olli Jokinen             0  1  1  -1  0   1  3  0  0  0  4/5    21:43   3:55   1:10 
Philip Larsen            0  1  1  -2  0   0  0  1  0  0  0/0    10:36   3:13   0:00 
Ryan Ellis               0  1  1   0  2   0  2  1  0  0  0/0    21:57   3:58   0:00 

Players Stats for Jets

Player Name              G  A  P  +/- PIM S  H  SB GA TA FO     MP     PP MP  PK MP  
------------------------------------------------------------------------------------
Anders Lee               0  1  1   2  2   3  6  0  0  0  0/1    20:18   2:04   0:55 
Andre Benoit             0  3  3   0  6   3  4  0  0  0  0/0    19:40   2:25   0:30 
Boyd Gordon              1  0  1   1  0   2  0  0  0  0  6/16    8:49   0:00   4:25 
Christian Ehrhoff        1  0  1   0  2   4  0  1  0  0  0/0    19:18   2:25   0:07 
Connor Murphy            0  1  1   1  0   4  1  0  0  0  0/0    25:06   3:22   3:06 
Corey Perry              3  0  3   2  0   11 2  0  0  0  1/1    22:21   3:43   0:00 
Jamie Benn               0  1  1  -2  2   3  1  1  0  0  11/23  18:49   2:04   1:56 
Jason Garrison           0  1  1   0  0   1  0  0  0  0  0/0    11:27   0:00   0:00 
Joe Pavelski             1  1  2   2  0   8  1  0  0  0  25/40  23:02   3:43   0:33 
Jonathan Ericsson        0  0  0  -1  0   0  2  0  0  0  0/0    11:21   0:00   3:58 
Josh Bailey              0  0  0   0  0   2  0  0  0  0  1/2     8:37   0:00   0:00 
Kimmo Timonen            0  1  1   1  0   3  2  2  0  0  0/0    24:53   3:22   3:38 
Matt Moulson             0  1  1  -2  0   2  0  0  0  0  1/1    18:22   3:43   0:03 
Matt Read                0  1  1   1  0   2  2  0  0  0  1/1    18:30   0:00   4:29 
Nick Bonino              0  0  0   0  0   1  0  0  0  0  6/12    8:37   0:00   0:00 
Nicklas Grossmann        0  0  0   1  0   0  4  0  0  0  0/0     8:12   0:00   3:23 
Pascal Dupuis            0  0  0   1  0   1  1  0  0  0  0/0     7:04   0:00   2:11 
Troy Brouwer             0  0  0  -2  0   2  3  0  0  0  1/2    16:09   2:04   0:00 

3 Stars

1 - Corey Perry (WPG)
2 - Joe Pavelski (WPG)
3 - Marek Zidlicky (PHI)

Power Play

Flyers - 3 on 5 Attempt(s) - 60.00%
Jets - 3 on 4 Attempt(s) - 75.00%

Penalty Kill

Flyers - 1 on 4 Attempt(s) - 25.00% - Score 0 goal in Penalty Kill
Jets - 2 on 5 Attempt(s) - 40.00% - Score 0 goal in Penalty Kill

Official

Referees : Gord Dwyer and Don VanMassenhoven
Linesman : Bryan Pancich and Brad Lazarowich

Game Notes

Tim Thomas enters game at 4:38 of 2nd period
Corey Perry has scored a Hat Trick!

Finance

Level 1 -- Attendance: 5574 (92.90%) -- Ticket Income $546,252
Level 2 -- Attendance: 4530 (90.60%) -- Ticket Income $348,810
Level 3 -- Attendance: 2139 (97.23%) -- Ticket Income $154,008
Level 4 -- Attendance: 1015 (100.00%) -- Ticket Income $66,990
Luxury Box -- Attendance: 800 (100.00%) -- Ticket Income $184,000
Game was played at the MTS Center
Total Attendance: 14058 (93.63%)
Total Ticket Income: $1,300,060
Other Income: $195,009
Total Income: $1,495,069

% Time on Ice - Flyers

Lines # - Real PCT - Wanted PCT - Time Play
Normal Forward
1 - 37% - 40% - 16:38
2 - 28% - 30% - 12:46
3 - 25% - 20% - 11:26
4 - 9% - 10% - 4:13
Normal Defense
1 - 38% - 45% - 17:02
2 - 29% - 32% - 12:52
3 - 14% - 20% - 6:22
4 - 19% - 3% - 8:47
PP Forward
1 - 55% - 60% - 3:55
2 - 45% - 40% - 3:16
PP Defense
1 - 55% - 60% - 3:58
2 - 45% - 40% - 3:13
PK Forward
1 - 77% - 60% - 4:26
2 - 23% - 40% - 1:21
PK Defense
1 - 60% - 60% - 3:28
2 - 40% - 40% - 2:19
PK3 Forward
1 - 0% - 60%
2 - 0% - 40%
PK3 Defense
1 - 0% - 60%
2 - 0% - 40%
44 Forward
1 - 82% - 60% - 1:38
2 - 18% - 40% - 0:21
44 Defense
1 - 51% - 60% - 1:01
2 - 49% - 40% - 0:58
Last Minute Offensive  - 0:00
Last Minute Defensive  - 0:00
Total
Forward - 60:00
Defense - 60:00

% Time on Ice - Jets

Lines # - Real PCT - Wanted PCT - Time Play
Normal Forward
1 - 39% - 41% - 17:20
2 - 32% - 30% - 14:05
3 - 19% - 19% - 8:37
4 - 10% - 10% - 4:16
Normal Defense
1 - 37% - 43% - 16:35
2 - 37% - 34% - 16:16
3 - 15% - 13% - 6:38
4 - 11% - 10% - 4:49
PP Forward
1 - 64% - 60% - 3:43
2 - 36% - 40% - 2:04
PP Defense
1 - 58% - 70% - 3:22
2 - 42% - 30% - 2:25
PK Forward
1 - 100% - 75% - 7:11
2 - 0% - 25% - 0:00
PK Defense
1 - 53% - 60% - 3:48
2 - 47% - 40% - 3:23
PK3 Forward
1 - 100% - 70% - 0:10
2 - 0% - 30% - 0:00
PK3 Defense
1 - 100% - 60% - 0:10
2 - 0% - 40% - 0:00
44 Forward
1 - 72% - 60% - 1:18
2 - 28% - 40% - 0:31
44 Defense
1 - 72% - 51% - 1:18
2 - 28% - 49% - 0:31
Last Minute Offensive  - 0:00
Last Minute Defensive  - 0:45
Total
Forward - 60:00
Defense - 60:00

Play by Play

1st period


0:01 of 1st period - Joe Pavelski wins face-off versus Kyle Okposo in neutral zone.
0:08 of 1st period - Shot by Corey Perry.
0:08 of 1st period - Stopped by Frederik Andersen without a rebound.
0:09 of 1st period - Kyle Brodziak wins face-off versus Jamie Benn in Flyers zone.
0:33 of 1st period - Shot by Mike Santorelli.
0:33 of 1st period - Deflect By Joel Ward.
0:33 of 1st period - Stopped by Cory Schneider with a rebound.
1:48 of 1st period - Joe Pavelski is hit by Kyle Brodziak and loses puck.
2:36 of 1st period - Daniel Sedin is hit by Jonathan Ericsson and loses puck.
2:50 of 1st period - Icing by Jonathan Ericsson.
2:51 of 1st period - Nick Bonino wins face-off versus Jay McClement in Jets zone.
2:51 of 1st period - Nick Bonino is hit by Jay McClement.
2:56 of 1st period - Jason Garrison is hit by Mark Stuart and loses puck.
4:09 of 1st period - Shot by Kyle Okposo.
4:09 of 1st period - Shot Misses the Net.
4:11 of 1st period - Shot by Daniel Sedin.
4:11 of 1st period - Shot Misses the Net.
4:13 of 1st period - Shot by Dan Boyle.
4:13 of 1st period - Shot Misses the Net.
4:27 of 1st period - Dan Boyle is hit by Kimmo Timonen and loses puck.
4:30 of 1st period - Shot by Ryan Ellis.
4:30 of 1st period - Shot Misses the Net.
4:32 of 1st period - Shot by Olli Jokinen.
4:32 of 1st period - Deflect By Daniel Sedin.
4:32 of 1st period - Stopped by Cory Schneider without a rebound.
4:33 of 1st period - Kyle Brodziak wins face-off versus Boyd Gordon in Jets zone.
4:41 of 1st period - Shot by Boyd Gordon.
4:41 of 1st period - Stopped by Frederik Andersen without a rebound.
4:42 of 1st period - Kyle Okposo wins face-off versus Boyd Gordon in Flyers zone.
6:31 of 1st period - Nathan Gerbe is hit by Joe Pavelski and loses puck.
7:39 of 1st period - Shot by Nick Bonino.
7:39 of 1st period - Stopped by Frederik Andersen without a rebound.
7:40 of 1st period - Boyd Gordon wins face-off versus Kyle Okposo in Flyers zone.
7:40 of 1st period - Boyd Gordon is hit by Dan Boyle.
7:56 of 1st period - Shot by Kyle Okposo.
7:56 of 1st period - Stopped by Cory Schneider without a rebound.
7:57 of 1st period - Joe Pavelski wins face-off versus Kyle Brodziak in Jets zone.
8:17 of 1st period - Marek Zidlicky is hit by Anders Lee and loses puck.
8:48 of 1st period - Mike Santorelli is hit by Matt Read and loses puck.
9:04 of 1st period - Shot by Matt Read.
9:04 of 1st period - Stopped by Frederik Andersen without a rebound.
9:05 of 1st period - Jamie Benn wins face-off versus Kyle Okposo in Flyers zone.
9:28 of 1st period - Shot by Dan Boyle.
9:28 of 1st period - Goal by Dan Boyle - Flyers : 1 - Jets : 0.
9:29 of 1st period - Jay McClement wins face-off versus Nick Bonino in neutral zone.
9:41 of 1st period - Icing by Andre Benoit.
9:42 of 1st period - Josh Bailey wins face-off versus Kyle Okposo in Jets zone.
9:55 of 1st period - Andre Benoit is hit by Kyle Okposo.
9:56 of 1st period - Icing by Andre Benoit.
9:57 of 1st period - Nick Bonino wins face-off versus Kyle Brodziak in Jets zone.
10:36 of 1st period - Shot by Jack Skille.
10:36 of 1st period - Shot Misses the Net.
10:56 of 1st period - Shot by Corey Perry.
10:56 of 1st period - Shot Misses the Net.
10:58 of 1st period - Shot by Joe Pavelski.
10:58 of 1st period - Stopped by Frederik Andersen without a rebound.
10:59 of 1st period - Joe Pavelski wins face-off versus Jay McClement in Flyers zone.
11:06 of 1st period - Shot by Joe Pavelski.
11:06 of 1st period - Deflect By Anders Lee.
11:06 of 1st period - Stopped by Frederik Andersen with a rebound.
11:13 of 1st period - Shot by Jay McClement.
11:13 of 1st period - Shot Misses the Net.
11:15 of 1st period - Shot by Jay McClement.
11:15 of 1st period - Shot Misses the Net.
11:17 of 1st period - Shot by Philip Larsen.
11:17 of 1st period - Shot Misses the Net.
11:21 of 1st period - Shot by Jay McClement.
11:21 of 1st period - Deflect By Dany Heatley.
11:21 of 1st period - Stopped by Cory Schneider with a rebound.
11:23 of 1st period - Shot by Dany Heatley.
11:23 of 1st period - Stopped by Cory Schneider without a rebound.
11:24 of 1st period - Jamie Benn wins face-off versus Kyle Okposo in Jets zone.
11:45 of 1st period - Shot by Daniel Sedin.
11:45 of 1st period - Stopped by Cory Schneider without a rebound.
11:46 of 1st period - Kyle Brodziak wins face-off versus Joe Pavelski in Jets zone.
11:58 of 1st period - Icing by Connor Murphy.
11:59 of 1st period - Kyle Okposo wins face-off versus Anders Lee in Jets zone.
12:04 of 1st period - Shot by Daniel Sedin.
12:04 of 1st period - Stopped by Cory Schneider without a rebound.
12:05 of 1st period - Kyle Okposo wins face-off versus Troy Brouwer in Jets zone.
12:13 of 1st period - Shot by Jamie Benn.
12:13 of 1st period - Shot Misses the Net.
12:15 of 1st period - Shot by Jamie Benn.
12:15 of 1st period - Stopped by Frederik Andersen with a rebound.
12:23 of 1st period - Shot by Jamie Benn.
12:23 of 1st period - Stopped by Frederik Andersen without a rebound.
12:24 of 1st period - Kyle Brodziak wins face-off versus Joe Pavelski in Flyers zone.
12:35 of 1st period - Shot by Joe Pavelski.
12:35 of 1st period - Stopped by Frederik Andersen without a rebound.
12:36 of 1st period - Troy Brouwer wins face-off versus Kyle Okposo in Flyers zone.
13:01 of 1st period - Shot by Kyle Okposo.
13:01 of 1st period - Shot Misses the Net.
13:06 of 1st period - Off-side.
13:07 of 1st period - Joe Pavelski wins face-off versus Kyle Brodziak in neutral zone.
13:14 of 1st period - Shot by Corey Perry.
13:14 of 1st period - Stopped by Frederik Andersen without a rebound.
13:15 of 1st period - Kyle Brodziak wins face-off versus Joe Pavelski in Flyers zone.
13:23 of 1st period - Kyle Brodziak is hit by Nicklas Grossmann and loses puck.
13:42 of 1st period - Shot by Kyle Brodziak.
13:42 of 1st period - Stopped by Cory Schneider without a rebound.
13:43 of 1st period - Boyd Gordon wins face-off versus Kyle Okposo in Jets zone.
14:04 of 1st period - Shot by Matt Read.
14:04 of 1st period - Stopped by Frederik Andersen without a rebound.
14:05 of 1st period - Joe Pavelski wins face-off versus Kyle Brodziak in Flyers zone.
15:00 of 1st period - Off-side.
15:01 of 1st period - Olli Jokinen wins face-off versus Jamie Benn in neutral zone.
15:28 of 1st period - Shot by Daniel Sedin.
15:28 of 1st period - Shot Blocked by Jamie Benn.
15:44 of 1st period - Shot by Troy Brouwer.
15:44 of 1st period - Shot Misses the Net.
16:01 of 1st period - Icing by Kimmo Timonen.
16:02 of 1st period - Jay McClement wins face-off versus Jamie Benn in Jets zone.
17:08 of 1st period - Joel Ward is hit by Andre Benoit and loses puck.
17:11 of 1st period - Shot by Kyle Brodziak.
17:11 of 1st period - Stopped by Cory Schneider without a rebound.
17:12 of 1st period - Kyle Brodziak wins face-off versus Josh Bailey in Jets zone.
17:12 of 1st period - Kyle Brodziak is hit by Jonathan Ericsson.
17:47 of 1st period - Off-side.
17:48 of 1st period - Joe Pavelski wins face-off versus Daniel Sedin in neutral zone.
17:51 of 1st period - Mark Stuart is hit by Anders Lee and loses puck.
18:37 of 1st period - Minor Penalty to Jamie Benn for Interference.
18:37 of 1st period - Minor Penalty to Mark Stuart for Holding.
18:38 of 1st period - Joe Pavelski wins face-off versus Jay McClement in Flyers zone.
18:56 of 1st period - Joe Pavelski is hit by Ryan Ellis and loses puck.
19:56 of 1st period - Double Minor Penalty to Andre Benoit for Roughing.
19:57 of 1st period - Boyd Gordon wins face-off versus Jay McClement in Jets zone.
19:57 of 1st period - Boyd Gordon is hit by Jay McClement.
Goals for this period are 1 for Flyers vs 0 for Jets.
Shots for this period are 10 for Flyers vs 11 for Jets.

2nd period


0:01 of 2nd period - Jay McClement wins face-off versus Boyd Gordon in neutral zone.
0:06 of 2nd period - Shot by Dany Heatley.
0:06 of 2nd period - Goal by Dany Heatley - Flyers : 2 - Jets : 0.
0:07 of 2nd period - Joe Pavelski wins face-off versus Jay McClement in neutral zone.
0:09 of 2nd period - Off-side.
0:10 of 2nd period - Joe Pavelski wins face-off versus Jay McClement in neutral zone.
1:21 of 2nd period - Shot by Daniel Sedin.
1:21 of 2nd period - Shot Misses the Net.
1:35 of 2nd period - Shot by Marek Zidlicky.
1:35 of 2nd period - Stopped by Cory Schneider without a rebound.
1:36 of 2nd period - Mike Santorelli wins face-off versus Boyd Gordon in Jets zone.
1:37 of 2nd period - Shot by Marek Zidlicky.
1:37 of 2nd period - Stopped by Cory Schneider without a rebound.
1:38 of 2nd period - Mike Santorelli wins face-off versus Boyd Gordon in Jets zone.
2:02 of 2nd period - Mike Santorelli is hit by Nicklas Grossmann and loses puck.
2:37 of 2nd period - Pascal Dupuis is hit by Olli Jokinen and loses puck.
4:02 of 2nd period - Christian Ehrhoff is hit by Jay McClement and loses puck.
4:38 of 2nd period - Shot by Nathan Gerbe.
4:38 of 2nd period - Goal by Nathan Gerbe - Flyers : 3 - Jets : 0.
4:38 of 2nd period - Tim Thomas enters game.
4:39 of 2nd period - Joe Pavelski wins face-off versus Daniel Sedin in neutral zone.
5:02 of 2nd period - Icing by Nicklas Grossmann.
5:03 of 2nd period - Kyle Brodziak wins face-off versus Joe Pavelski in Jets zone.
5:03 of 2nd period - Kyle Brodziak is hit by Nicklas Grossmann.
5:08 of 2nd period - Gabriel Bourque is hit by Nicklas Grossmann and loses puck.
5:27 of 2nd period - Shot by Joe Pavelski.
5:27 of 2nd period - Stopped by Frederik Andersen without a rebound.
5:28 of 2nd period - Olli Jokinen wins face-off versus Nick Bonino in Flyers zone.
5:28 of 2nd period - Olli Jokinen is hit by Matt Read.
5:50 of 2nd period - Shot by Kyle Okposo.
5:50 of 2nd period - Stopped by Tim Thomas without a rebound.
5:51 of 2nd period - Jay McClement wins face-off versus Jamie Benn in Jets zone.
6:00 of 2nd period - Shot by Carlo Colaiacovo.
6:00 of 2nd period - Shot Misses the Net.
7:04 of 2nd period - Shot by Joe Pavelski.
7:04 of 2nd period - Shot Misses the Net.
7:25 of 2nd period - Shot by Corey Perry.
7:25 of 2nd period - Shot Misses the Net.
7:33 of 2nd period - Shot by Joe Pavelski.
7:33 of 2nd period - Shot Misses the Net.
7:45 of 2nd period - Matt Read is hit by Olli Jokinen and loses puck.
7:52 of 2nd period - Shot by Jonathan Ericsson.
7:52 of 2nd period - Shot Blocked by Dan Boyle.
8:07 of 2nd period - Icing by Dan Boyle.
8:08 of 2nd period - Kyle Okposo wins face-off versus Boyd Gordon in Flyers zone.
8:08 of 2nd period - Kyle Okposo is hit by Pascal Dupuis.
8:32 of 2nd period - Icing by Jason Garrison.
8:33 of 2nd period - Boyd Gordon wins face-off versus Kyle Brodziak in Jets zone.
9:35 of 2nd period - Connor Murphy is hit by Joel Ward and loses puck.
10:09 of 2nd period - Christian Ehrhoff is hit by Jay McClement and loses puck.
10:23 of 2nd period - Off-side.
10:24 of 2nd period - Nick Bonino wins face-off versus Jay McClement in neutral zone.
10:24 of 2nd period - Minor Penalty to Jay McClement for Holding.
10:25 of 2nd period - Olli Jokinen wins face-off versus Joe Pavelski in Flyers zone.
10:25 of 2nd period - Olli Jokinen is hit by Corey Perry.
10:47 of 2nd period - Shot by Christian Ehrhoff.
10:47 of 2nd period - Stopped by Frederik Andersen with a rebound.
10:49 of 2nd period - Shot by Andre Benoit.
10:49 of 2nd period - Shot Blocked by Mark Stuart.
10:51 of 2nd period - Shot by Andre Benoit.
10:51 of 2nd period - Stopped by Frederik Andersen without a rebound.
10:52 of 2nd period - Joel Ward wins face-off versus Jamie Benn in Flyers zone.
11:05 of 2nd period - Shot by Kimmo Timonen.
11:05 of 2nd period - Stopped by Frederik Andersen with a rebound.
11:07 of 2nd period - Shot by Connor Murphy.
11:07 of 2nd period - Shot Misses the Net.
11:14 of 2nd period - Jamie Benn is hit by Mark Stuart and loses puck.
11:21 of 2nd period - Shot by Connor Murphy.
11:21 of 2nd period - Stopped by Frederik Andersen with a rebound.
11:23 of 2nd period - Shot by Jamie Benn.
11:23 of 2nd period - Shot Blocked by Mark Stuart.
11:25 of 2nd period - Shot by Jamie Benn.
11:25 of 2nd period - Shot Misses the Net.
11:27 of 2nd period - Shot by Troy Brouwer.
11:27 of 2nd period - Stopped by Frederik Andersen with a rebound.
11:29 of 2nd period - Shot by Troy Brouwer.
11:29 of 2nd period - Stopped by Frederik Andersen without a rebound.
11:30 of 2nd period - Joe Pavelski wins face-off versus Daniel Sedin in Flyers zone.
12:01 of 2nd period - Shot by Matt Moulson.
12:01 of 2nd period - Deflect By Corey Perry.
12:01 of 2nd period - Goal by Corey Perry - Flyers : 3 - Jets : 1.
12:02 of 2nd period - Kyle Brodziak wins face-off versus Nick Bonino in neutral zone.
12:19 of 2nd period - Shot by Josh Bailey.
12:19 of 2nd period - Stopped by Frederik Andersen without a rebound.
12:20 of 2nd period - Kyle Okposo wins face-off versus Jamie Benn in Flyers zone.
12:32 of 2nd period - Icing by Kimmo Timonen.
12:33 of 2nd period - Jamie Benn wins face-off versus Kyle Brodziak in Jets zone.
12:37 of 2nd period - Connor Murphy is hit by Jack Skille.
12:56 of 2nd period - Jamie Benn is hit by Marek Zidlicky.
13:00 of 2nd period - Shot by Jamie Benn.
13:00 of 2nd period - Stopped by Frederik Andersen without a rebound.
13:01 of 2nd period - Kyle Okposo wins face-off versus Joe Pavelski in Flyers zone.
13:01 of 2nd period - Kyle Okposo is hit by Anders Lee.
13:08 of 2nd period - Dan Boyle is hit by Andre Benoit and loses puck.
13:18 of 2nd period - Kyle Okposo is hit by Andre Benoit and loses puck.
13:21 of 2nd period - Shot by Olli Jokinen.
13:21 of 2nd period - Deflect By Kyle Okposo.
13:21 of 2nd period - Stopped by Tim Thomas without a rebound.
13:22 of 2nd period - Kyle Brodziak wins face-off versus Nick Bonino in Jets zone.
14:02 of 2nd period - Nick Bonino is hit by Kyle Brodziak and loses puck.
14:21 of 2nd period - Shot by Connor Murphy.
14:21 of 2nd period - Stopped by Frederik Andersen without a rebound.
14:22 of 2nd period - Joe Pavelski wins face-off versus Kyle Okposo in Flyers zone.
14:23 of 2nd period - Shot by Corey Perry.
14:23 of 2nd period - Stopped by Frederik Andersen with a rebound.
14:54 of 2nd period - Icing by Daniel Sedin.
14:55 of 2nd period - Kyle Okposo wins face-off versus Jamie Benn in Flyers zone.
15:53 of 2nd period - Off-side.
15:54 of 2nd period - Joe Pavelski wins face-off versus Kyle Brodziak in neutral zone.
16:15 of 2nd period - Shot by Joe Pavelski.
16:15 of 2nd period - Goal by Joe Pavelski - Flyers : 3 - Jets : 2.
16:16 of 2nd period - Jay McClement wins face-off versus Nick Bonino in neutral zone.
17:21 of 2nd period - Shot by Corey Perry.
17:21 of 2nd period - Stopped by Frederik Andersen without a rebound.
17:21 of 2nd period - Minor Penalty to Ryan Ellis for Holding.
17:22 of 2nd period - Joe Pavelski wins face-off versus Joel Ward in Flyers zone.
18:21 of 2nd period - Shot by Andre Benoit.
18:21 of 2nd period - Stopped by Frederik Andersen with a rebound.
18:23 of 2nd period - Shot by Anders Lee.
18:23 of 2nd period - Stopped by Frederik Andersen without a rebound.
18:24 of 2nd period - Daniel Sedin wins face-off versus Jamie Benn in Flyers zone.
18:45 of 2nd period - Shot by Troy Brouwer.
18:45 of 2nd period - Shot Blocked by Marek Zidlicky.
18:47 of 2nd period - Shot by Christian Ehrhoff.
18:47 of 2nd period - Stopped by Frederik Andersen without a rebound.
18:48 of 2nd period - Joel Ward wins face-off versus Joe Pavelski in Flyers zone.
19:35 of 2nd period - Shot by Pascal Dupuis.
19:35 of 2nd period - Shot Blocked by Philip Larsen.
19:39 of 2nd period - Shot by Pascal Dupuis.
19:39 of 2nd period - Stopped by Frederik Andersen with a rebound.
19:53 of 2nd period - Shot by Matt Read.
19:53 of 2nd period - Shot Blocked by Marek Zidlicky.
19:55 of 2nd period - Shot by Jason Garrison.
19:55 of 2nd period - Shot Misses the Net.
19:57 of 2nd period - Shot by Matt Read.
19:57 of 2nd period - Shot Misses the Net.
19:59 of 2nd period - Shot by Boyd Gordon.
19:59 of 2nd period - Goal by Boyd Gordon - Flyers : 3 - Jets : 3.
Goals for this period are 2 for Flyers vs 3 for Jets.
Shots for this period are 6 for Flyers vs 19 for Jets.

3rd period


0:01 of 3rd period - Joe Pavelski wins face-off versus Kyle Okposo in neutral zone.
0:05 of 3rd period - Anders Lee is hit by Ryan Ellis.
0:18 of 3rd period - Shot by Olli Jokinen.
0:18 of 3rd period - Stopped by Tim Thomas without a rebound.
0:19 of 3rd period - Jamie Benn wins face-off versus Joel Ward in Jets zone.
0:27 of 3rd period - Christian Ehrhoff is hit by Marek Zidlicky and loses puck.
0:46 of 3rd period - Matt Moulson is hit by Mike Santorelli and loses puck.
0:47 of 3rd period - Minor Penalty to Joel Ward for Cross-checking.
0:48 of 3rd period - Olli Jokinen wins face-off versus Joe Pavelski in Flyers zone.
1:05 of 3rd period - Shot by Joe Pavelski.
1:05 of 3rd period - Deflect By Corey Perry.
1:05 of 3rd period - Goal by Corey Perry - Flyers : 3 - Jets : 4.
1:06 of 3rd period - Kyle Brodziak wins face-off versus Nick Bonino in neutral zone.
1:12 of 3rd period - Minor Penalty to Andre Benoit for Hooking.
1:13 of 3rd period - Kyle Okposo wins face-off versus Boyd Gordon in Jets zone.
1:26 of 3rd period - Matt Read is hit by Olli Jokinen and loses puck.
1:31 of 3rd period - Shot by Kyle Okposo.
1:31 of 3rd period - Goal by Kyle Okposo - Flyers : 4 - Jets : 4.
1:32 of 3rd period - Joe Pavelski wins face-off versus Kyle Brodziak in neutral zone.
1:34 of 3rd period - Andre Benoit is hit by Marek Zidlicky.
1:38 of 3rd period - Shot by Corey Perry.
1:38 of 3rd period - Stopped by Frederik Andersen without a rebound.
1:39 of 3rd period - Kyle Okposo wins face-off versus Joe Pavelski in Flyers zone.
1:39 of 3rd period - Kyle Okposo is hit by Anders Lee.
1:44 of 3rd period - Dan Boyle is hit by Kimmo Timonen and loses puck.
1:55 of 3rd period - Shot by Daniel Sedin.
1:55 of 3rd period - Stopped by Tim Thomas without a rebound.
1:56 of 3rd period - Jamie Benn wins face-off versus Kyle Brodziak in Jets zone.
2:22 of 3rd period - Shot by Mike Santorelli.
2:22 of 3rd period - Stopped by Tim Thomas without a rebound.
2:23 of 3rd period - Joe Pavelski wins face-off versus Kyle Okposo in Jets zone.
2:29 of 3rd period - Shot by Joe Pavelski.
2:29 of 3rd period - Stopped by Frederik Andersen with a rebound.
2:46 of 3rd period - Shot by Joe Pavelski.
2:46 of 3rd period - Stopped by Frederik Andersen without a rebound.
2:47 of 3rd period - Jamie Benn wins face-off versus Kyle Brodziak in Flyers zone.
2:55 of 3rd period - Icing by Marek Zidlicky.
2:56 of 3rd period - Kyle Brodziak wins face-off versus Jamie Benn in Flyers zone.
3:03 of 3rd period - Connor Murphy is hit by Kyle Brodziak and loses puck.
3:10 of 3rd period - Shot by Matt Moulson.
3:10 of 3rd period - Shot Misses the Net.
3:15 of 3rd period - Icing by Marek Zidlicky.
3:16 of 3rd period - Corey Perry wins face-off versus Kyle Brodziak in Flyers zone.
3:31 of 3rd period - Shot by Joe Pavelski.
3:31 of 3rd period - Shot Misses the Net.
3:45 of 3rd period - Shot by Corey Perry.
3:45 of 3rd period - Stopped by Frederik Andersen without a rebound.
3:46 of 3rd period - Jamie Benn wins face-off versus Kyle Okposo in Flyers zone.
4:13 of 3rd period - Shot by Kyle Okposo.
4:13 of 3rd period - Shot Misses the Net.
4:24 of 3rd period - Icing by Ryan Ellis.
4:25 of 3rd period - Kyle Okposo wins face-off versus Joe Pavelski in Flyers zone.
4:35 of 3rd period - Dan Boyle is hit by Andre Benoit and loses puck.
4:42 of 3rd period - Shot by Corey Perry.
4:42 of 3rd period - Stopped by Frederik Andersen without a rebound.
4:43 of 3rd period - Nick Bonino wins face-off versus Kyle Brodziak in Flyers zone.
4:43 of 3rd period - Jason Garrison is hit by Marek Zidlicky and loses puck.
4:56 of 3rd period - Shot by Josh Bailey.
4:56 of 3rd period - Stopped by Frederik Andersen without a rebound.
4:57 of 3rd period - Jay McClement wins face-off versus Joe Pavelski in Flyers zone.
5:09 of 3rd period - Off-side.
5:10 of 3rd period - Jamie Benn wins face-off versus Kyle Brodziak in neutral zone.
5:41 of 3rd period - Mike Santorelli is hit by Troy Brouwer and loses puck.
6:14 of 3rd period - Shot by Joe Pavelski.
6:14 of 3rd period - Shot Misses the Net.
6:16 of 3rd period - Shot by Connor Murphy.
6:16 of 3rd period - Stopped by Frederik Andersen with a rebound.
6:18 of 3rd period - Shot by Joe Pavelski.
6:18 of 3rd period - Stopped by Frederik Andersen with a rebound.
6:22 of 3rd period - Shot by Joe Pavelski.
6:22 of 3rd period - Shot Misses the Net.
6:24 of 3rd period - Shot by Anders Lee.
6:24 of 3rd period - Shot Hit the Post.
6:26 of 3rd period - Shot by Corey Perry.
6:26 of 3rd period - Stopped by Frederik Andersen without a rebound.
6:27 of 3rd period - Matt Read wins face-off versus Jay McClement in Flyers zone.
7:05 of 3rd period - Shot by Jason Garrison.
7:05 of 3rd period - Stopped by Frederik Andersen without a rebound.
7:06 of 3rd period - Joe Pavelski wins face-off versus Olli Jokinen in Flyers zone.
7:11 of 3rd period - Shot by Anders Lee.
7:11 of 3rd period - Stopped by Frederik Andersen without a rebound.
7:12 of 3rd period - Kyle Okposo wins face-off versus Joe Pavelski in Flyers zone.
7:12 of 3rd period - Kyle Okposo is hit by Anders Lee.
7:42 of 3rd period - Daniel Sedin is hit by Connor Murphy.
7:46 of 3rd period - Shot by Kyle Okposo.
7:46 of 3rd period - Deflect By Daniel Sedin.
7:46 of 3rd period - Stopped by Tim Thomas without a rebound.
7:47 of 3rd period - Kyle Brodziak wins face-off versus Jamie Benn in Jets zone.
7:54 of 3rd period - Shot by Joel Ward.
7:54 of 3rd period - Stopped by Tim Thomas without a rebound.
7:55 of 3rd period - Jamie Benn wins face-off versus Kyle Brodziak in Jets zone.
8:00 of 3rd period - Carlo Colaiacovo is hit by Jamie Benn and loses puck.
8:16 of 3rd period - Shot by Jamie Benn.
8:16 of 3rd period - Shot Blocked by Marek Zidlicky.
8:18 of 3rd period - Shot by Andre Benoit.
8:18 of 3rd period - Shot Blocked by Marek Zidlicky.
8:37 of 3rd period - Shot by Troy Brouwer.
8:37 of 3rd period - Deflect By Matt Moulson.
8:37 of 3rd period - Stopped by Frederik Andersen without a rebound.
8:38 of 3rd period - Kyle Okposo wins face-off versus Joe Pavelski in Flyers zone.
8:38 of 3rd period - Kyle Okposo is hit by Corey Perry.
8:44 of 3rd period - Shot by Joe Pavelski.
8:44 of 3rd period - Shot Blocked by Ryan Ellis.
8:46 of 3rd period - Shot by Anders Lee.
8:46 of 3rd period - Shot Misses the Net.
8:48 of 3rd period - Shot by Kimmo Timonen.
8:48 of 3rd period - Stopped by Frederik Andersen with a rebound.
8:50 of 3rd period - Shot by Joe Pavelski.
8:50 of 3rd period - Stopped by Frederik Andersen without a rebound.
8:51 of 3rd period - Nick Bonino wins face-off versus Dany Heatley in Flyers zone.
9:23 of 3rd period - Off-side.
9:24 of 3rd period - Joe Pavelski wins face-off versus Kyle Okposo in neutral zone.
9:27 of 3rd period - Marek Zidlicky is hit by Anders Lee and loses puck.
9:36 of 3rd period - Shot by Daniel Sedin.
9:36 of 3rd period - Stopped by Tim Thomas without a rebound.
9:37 of 3rd period - Matt Moulson wins face-off versus Joel Ward in Jets zone.
9:44 of 3rd period - Shot by Philip Larsen.
9:44 of 3rd period - Shot Blocked by Christian Ehrhoff.
9:45 of 3rd period - Minor Penalty to Christian Ehrhoff for Tripping.
9:46 of 3rd period - Kyle Okposo wins face-off versus Boyd Gordon in Jets zone.
10:12 of 3rd period - Icing by Kyle Okposo.
10:13 of 3rd period - Boyd Gordon wins face-off versus Kyle Okposo in Flyers zone.
10:58 of 3rd period - Icing by Mike Santorelli.
10:59 of 3rd period - Jamie Benn wins face-off versus Mike Santorelli in Flyers zone.
11:11 of 3rd period - Shot by Philip Larsen.
11:11 of 3rd period - Shot Blocked by Kimmo Timonen.
11:17 of 3rd period - Shot by Marek Zidlicky.
11:17 of 3rd period - Shot Misses the Net.
11:19 of 3rd period - Shot by Marek Zidlicky.
11:19 of 3rd period - Goal by Marek Zidlicky - Flyers : 5 - Jets : 4.
11:20 of 3rd period - Joe Pavelski wins face-off versus Nathan Gerbe in neutral zone.
11:20 of 3rd period - Christian Ehrhoff is hit by Jay McClement and loses puck.
11:50 of 3rd period - Icing by Corey Perry.
11:51 of 3rd period - Joe Pavelski wins face-off versus Kyle Okposo in Jets zone.
12:00 of 3rd period - Shot by Andre Benoit.
12:00 of 3rd period - Stopped by Frederik Andersen with a rebound.
12:02 of 3rd period - Shot by Andre Benoit.
12:02 of 3rd period - Shot Blocked by Dan Boyle.
12:04 of 3rd period - Shot by Anders Lee.
12:04 of 3rd period - Shot Misses the Net.
12:06 of 3rd period - Shot by Corey Perry.
12:06 of 3rd period - Deflect By Anders Lee.
12:06 of 3rd period - Shot Misses the Net.
12:08 of 3rd period - Shot by Corey Perry.
12:08 of 3rd period - Goal by Corey Perry - Flyers : 5 - Jets : 5.
12:09 of 3rd period - Kyle Brodziak wins face-off versus Jamie Benn in neutral zone.
12:09 of 3rd period - Marek Zidlicky is hit by Troy Brouwer and loses puck.
12:40 of 3rd period - Shot by Jamie Benn.
12:40 of 3rd period - Shot Misses the Net.
12:42 of 3rd period - Shot by Connor Murphy.
12:42 of 3rd period - Stopped by Frederik Andersen without a rebound.
12:43 of 3rd period - Nick Bonino wins face-off versus Kyle Okposo in Flyers zone.
13:22 of 3rd period - Minor Penalty to Daniel Sedin for Slashing.
13:23 of 3rd period - Joe Pavelski wins face-off versus Joel Ward in Flyers zone.
13:32 of 3rd period - Shot by Corey Perry.
13:32 of 3rd period - Shot Misses the Net.
13:34 of 3rd period - Shot by Connor Murphy.
13:34 of 3rd period - Shot Misses the Net.
13:36 of 3rd period - Shot by Matt Moulson.
13:36 of 3rd period - Stopped by Frederik Andersen with a rebound.
14:04 of 3rd period - Shot by Kimmo Timonen.
14:04 of 3rd period - Stopped by Frederik Andersen without a rebound.
14:05 of 3rd period - Joel Ward wins face-off versus Jamie Benn in Flyers zone.
14:05 of 3rd period - Joel Ward is hit by Troy Brouwer.
14:29 of 3rd period - Off-side.
14:30 of 3rd period - Joel Ward wins face-off versus Joe Pavelski in neutral zone.
14:33 of 3rd period - Shot by Nathan Gerbe.
14:33 of 3rd period - Shot Blocked by Kimmo Timonen.
14:36 of 3rd period - Icing by Connor Murphy.
14:37 of 3rd period - Joel Ward wins face-off versus Joe Pavelski in Jets zone.
14:38 of 3rd period - Shot by Nathan Gerbe.
14:38 of 3rd period - Stopped by Tim Thomas without a rebound.
14:39 of 3rd period - Joe Pavelski wins face-off versus Joel Ward in Jets zone.
14:54 of 3rd period - Off-side.
14:55 of 3rd period - Jamie Benn wins face-off versus Joel Ward in neutral zone.
15:11 of 3rd period - Shot by Andre Benoit.
15:11 of 3rd period - Shot Blocked by Carlo Colaiacovo.
15:13 of 3rd period - Shot by Christian Ehrhoff.
15:13 of 3rd period - Stopped by Frederik Andersen with a rebound.
15:15 of 3rd period - Shot by Christian Ehrhoff.
15:15 of 3rd period - Goal by Christian Ehrhoff - Flyers : 5 - Jets : 6.
15:16 of 3rd period - Kyle Brodziak wins face-off versus Boyd Gordon in neutral zone.
15:29 of 3rd period - Shot by Pascal Dupuis.
15:29 of 3rd period - Shot Misses the Net.
16:14 of 3rd period - Icing by Marek Zidlicky.
16:15 of 3rd period - Joe Pavelski wins face-off versus Kyle Okposo in Flyers zone.
16:16 of 3rd period - Shot by Corey Perry.
16:16 of 3rd period - Shot Blocked by Daniel Sedin.
16:17 of 3rd period - Minor Penalty to Anders Lee for Diving.
16:18 of 3rd period - Boyd Gordon wins face-off versus Kyle Okposo in Jets zone.
16:35 of 3rd period - Shot by Kyle Okposo.
16:35 of 3rd period - Stopped by Tim Thomas with a rebound.
16:55 of 3rd period - Shot by Marek Zidlicky.
16:55 of 3rd period - Shot Misses the Net.
17:35 of 3rd period - Shot by Dan Boyle.
17:35 of 3rd period - Stopped by Tim Thomas with a rebound.
17:54 of 3rd period - Shot by Dan Boyle.
17:54 of 3rd period - Shot Misses the Net.
18:01 of 3rd period - Icing by Mike Santorelli.
18:02 of 3rd period - Mike Santorelli wins face-off versus Boyd Gordon in Flyers zone.
18:47 of 3rd period - Shot by Joe Pavelski.
18:47 of 3rd period - Shot Misses the Net.
18:49 of 3rd period - Shot by Joe Pavelski.
18:49 of 3rd period - Shot Misses the Net.
18:51 of 3rd period - Shot by Joe Pavelski.
18:51 of 3rd period - Shot Blocked by Mark Stuart.
18:53 of 3rd period - Shot by Joe Pavelski.
18:53 of 3rd period - Shot Misses the Net.
18:55 of 3rd period - Shot by Andre Benoit.
18:55 of 3rd period - Shot Blocked by Mark Stuart.
19:51 of 3rd period - Icing by Mark Stuart.
19:52 of 3rd period - Joe Pavelski wins face-off versus Jay McClement in Flyers zone.
Goals for this period are 2 for Flyers vs 3 for Jets.
Shots for this period are 11 for Flyers vs 22 for Jets.


Output by the SimonT Hockey Simulator (STHS) for Stephane Roy -- Original Page W3C XHTML 1.0 Valid
Hockey Simulator - Hockey Simulation - Hockey Manager